 Dungeon Crawl Stone Soup version 0.28-a0-317-g21599a725c (webtiles) character file.

Game seed: 15312471958842943790

200 McIrco the Cutter (level 6, -3/39 HPs)
             Began as a Kobold Berserker on Sept 1, 2021.
             Was a Believer of Trog.
             Splashed by a jelly's acid (4 damage)
             ... on level 4 of the Dungeon.
             The game lasted 00:03:25 (4061 turns).

McIrco the Cutter (Kobold Berserker)                Turns: 4061, Time: 00:03:25

Health: -3/39      AC:  0    Str: 16    XL:     6   Next: 7%
Magic:  6/6        EV: 15    Int:  8    God:    Trog [**....]
Gold:   155        SH:  0    Dex: 15    Spells: 5/5 levels left

rFire   + . .      SeeInvis .   a - +0 short sword
rCold   + . .      Faith    .   (shield restricted)
rNeg    . . .      Spirit   .   b - +0 animal skin
rPois   +          Reflect  .   (no helmet)
rElec   +          Harm     .   i - +0 cloak
rCorr   +          Rampage  .   d - +0 pair of gloves
Will    ++...                   (no boots)
Stlth   +++.......              (no amulet)
HPRegen 1.13/turn               (no ring)
MPRegen 0.10/turn               (no ring)

@: resistant, strong-willed, corroded, regenerating
A: small, no large weapons, nightstalker 3
a: Renounce Religion, Berserk, Trog's Hand


You were on level 4 of the Dungeon.
You worshipped Trog.
Trog was pleased with you.
You visited 1 branch of the dungeon, and saw 4 of its levels.

You collected 155 gold pieces.

Inventory:

Hand Weapons
 a - a +0 short sword (weapon)
Armour
 b - a +0 animal skin (worn)
 d - a +0 pair of gloves (worn)
 g - a +0 kite shield
 i - a +0 cloak (worn)
Jewellery
 m - a +4 ring of protection
Scrolls
 c - a scroll of teleportation {unknown}
 e - a scroll of blinking {unknown}
 f - a scroll of magic mapping {unknown}
 j - a scroll of fear {unknown}
 k - 3 scrolls of identify {unknown}


   Skills:
 + Level 4.5 Fighting
 + Level 5.7 Short Blades
 + Level 1.9 Armour
 + Level 3.3 Dodging
 + Level 3.3 Stealth


You had 5 spell levels left.
You didn't know any spells.
Your spell library was empty.

Dungeon Overview and Level Annotations

Branches:
Dungeon (4/15)
 Temple: D:4-7

Altars:
Cheibriados
Dithmenos


Innate Abilities, Weirdness & Mutations

You are small and have problems with some larger weapons.
You are completely attuned to the shadows.


Message History

A jelly comes into view.
A jelly is nearby!
A jelly is nearby!
You are too injured to fight recklessly!
Found a shadowy altar of Dithmenos.
You recover from your berserk rage.
You completely miss the jelly.
The jelly quivers.
You puncture the jelly!
Your hands burn!
* * * LOW HITPOINT WARNING * * *
The jelly is heavily wounded.
The jelly barely misses you.
You hit the jelly.
Your hands burn!
* * * LOW HITPOINT WARNING * * *
The jelly is heavily wounded.
The jelly hits you.
* * * LOW HITPOINT WARNING * * *
The acid corrodes you!
You are splashed with acid.
* * * LOW HITPOINT WARNING * * *
Unknown command.
Unknown command.
Unknown command.
It was a potion of resistance.
You feel protected. The jelly misses you.
Unknown command.
It was a potion of magic.
Magic courses through your body. The jelly barely misses you.
Unknown command.
Unknown command.
You see here a ball python corpse.
You see here a +0 spear.
Okay, then.
Unknown command.
Your skin crawls.
You feel strong-willed. The jelly hits you.
* * * LOW HITPOINT WARNING * * *
You are splashed with acid.
You resist.
You die...

#. #.. #. #.# #.
'###.# #.##. _'...#
#.##. # #.# #.##.
## #†#### ####.##.
######J....
........
.....@)####
####.### #....##
#.#
##..#############.#
#)...............#
################.#
###


You could see a jelly.

Vanquished Creatures
  A hound (D:4)
  3 gnolls (D:4)
  5 adders
  3 worms (D:2)
  5 dart slugs
  3 orcs (D:3)
  7 ball pythons
  8 endoplasms
  A giant cockroach (D:2)
  4 goblins
  6 hobgoblins
  8 jackals
  4 quokkas
  3 bats
  2 frilled lizards (D:3)
  5 kobolds
  5 rats
73 creatures vanquished.

Notes
Turn   | Place    | Note
-------+----------+-------------------------------------------
     0 | D:1      | McIrco the Kobold Berserker began the quest for the Orb.
     0 | D:1      | Reached XP level 1. HP: 14/14 MP: 1/1
    43 | D:1      | Reached XP level 2. HP: 11/19 MP: 2/2
   588 | D:1      | Found a faded altar of an unknown god.
   698 | D:1      | Reached XP level 3. HP: 24/24 MP: 3/3
  1524 | D:2      | Reached XP level 4. HP: 26/29 MP: 4/4
  1894 | D:2      | Reached skill level 1 in Stealth
  2383 | D:2      | Reached ** piety under Trog
  2462 | D:2      | Reached skill level 5 in Short Blades
  2942 | D:3      | Reached XP level 5. HP: 33/33 MP: 5/5
  3707 | D:3      | Found a snail-covered altar of Cheibriados.
  3992 | D:4      | Reached XP level 6. HP: 20/39 MP: 6/6
  4052 | D:4      | Found a shadowy altar of Dithmenos.
  4061 | D:4      | HP: 1/39 [jelly (3)]
  4061 | D:4      | Splashed by a jelly's acid

Illustrated notes

Levels and vault maps discovered:
D:1:      grunt_arrival_lava_bath, layout_basic,
          ebering_ecumenical_altar_abandoned, minmay_misc_feat_rows,
          minmay_crystal_room, serial_park_tiny_2
D:2:      layout_basic, minivault_5
D:3:      layout_basic, kennysheep_slug_shrine
D:4:      layout_basic, lemuel_doored_altar, mainiacjoe_overflow_surrounded_room

Skill      XL: |  1  2  3  4  5 |
---------------+----------------+-----
Fighting       | 4 |  4.5
Stealth        | 1 3 |  3.3
Dodging        | 3 |  3.3
Short Blades   | 5 |  5.7
Armour         | |  1.9

Action                   |  1- 3 |  4- 6 || total
-------------------------+-------+-------++-------
Melee: Short sword       |    88 |   155 ||   243
Invok: Berserk           |     1 |     6 ||     7
       Trog's Hand       |       |     1 ||     1
  Use: Potion            |     1 |     2 ||     3
 Stab: Sleeping          |     6 |    12 ||    18
Armor: Animal skin       |    18 |    16 ||    34
Dodge: Dodged            |    62 |    97 ||   159

Table legend: (Time is in decaauts)
 A = Elapsed time spent in this place.
 B = Non-inter-level travel time spent in this place.
 C = Inter-level travel time spent in this place.
 D = Time resting spent in this place.
 E = Time spent auto-exploring this place.
 F = Levels seen in this place.
 G = Mean time per level.
                   A        B        C        D        E       F      G
               +--------+--------+--------+--------+--------+-----+--------+
         Total |   4097 |   3945 |    152 |    694 |   2776 |   4 | 1024.2 |
       Dungeon |   4097 |   3945 |    152 |    694 |   2776 |   4 | 1024.2 |
               +--------+--------+--------+--------+--------+-----+--------+

Top non-repeatable levels by time:
     D:2: 1490 daAuts
     D:1: 1464 daAuts
     D:3: 870 daAuts
     D:4: 272 daAuts
